 Dungeon Crawl Stone Soup version 0.26.1-2-gb8aa6d0cf2 (webtiles) character file.

Game seed: 13438742312836247348

5696 CryoSword the Zephyrmancer (level 10, -5/63 HPs)
             Began as a Tengu Air Elementalist on Feb 13, 2021.
             Was a Believer of Vehumet.
             Slain by an orc warrior
             ... wielding a +0 mace
              (15 damage)
             ... on level 9 of the Dungeon.
             The game lasted 00:56:46 (16257 turns).

CryoSword the Zephyrmancer (TeAE)                  Turns: 16257, Time: 00:56:46

Health: -5/63      AC:  4    Str:  8    XL:     10   Next: 76%
Magic:  2/18       EV: 18    Int: 20    God:    Vehumet [**....]
Gold:   473        SH:  0    Dex: 14    Spells: 5/19 levels left

rFire    . . .     SeeInvis +   a - staff of air
rCold    . . .     Faith    .   (no shield)
rNeg     + . .     Spirit   .   i - +1 robe
rPois    .         Reflect  .   (helmet restricted)
rElec    +         Harm     .   E - +0 cloak
rCorr    .         Rampage  .   (no gloves)
Will     .....                  (boots unavailable)
Stlth    +++.......             (no amulet)
HPRegen  0.20/turn              I - ring of see invisible
MPRegen  0.16/turn              B - ring of positive energy

@: flying quickly and evasively, quick
A: beak, talons 3, able to fly
a: Stop Flying, Renounce Religion


You were on level 9 of the Dungeon.
You worshipped Vehumet.
Vehumet was pleased with you.
You visited 2 branches of the dungeon, and saw 10 of its levels.

You collected 669 gold pieces.
You spent 196 gold pieces at shops.

Inventory:

Missiles
 b - 71 poisoned darts
 g - 9 curare-tipped darts (quivered)
 D - 2 boomerangs
Armour
 i - a +1 robe (worn)
 E - a +0 cloak (worn)
   (You found it on level 7 of the Dungeon)
Magical Staves
 a - an uncursed staff of air (weapon)
   (You found it on level 7 of the Dungeon)
Jewellery
 u - an uncursed ring of protection from cold
   (You found it on level 5 of the Dungeon)
 B - a ring of positive energy (right hand)
   (You took it off a centaur on level 7 of the Dungeon)
 I - a ring of see invisible (left hand)
   (You took it off a centaur warrior on level 9 of the Dungeon)
 K - an uncursed ring of ice
   (You found it on level 9 of the Dungeon)
Wands
 y - a wand of iceblast (31)
   (You found it on level 7 of the Dungeon)
Scrolls
 f - 3 scrolls of remove curse {@r2}
 h - 2 scrolls of fear {unknown}
 k - a scroll of enchant armour
 l - 6 scrolls of identify {@r1}
 n - 4 scrolls of enchant weapon
 p - 3 scrolls of amnesia {unknown}
 q - 4 scrolls of teleportation {@r4}
 t - 3 scrolls of immolation {unknown}
 v - a scroll of magic mapping {unknown}
 F - a scroll of holy word {unknown}
 G - a scroll of fog {unknown}
 J - a scroll of silence {unknown}
Potions
 c - 4 potions of brilliance
 e - 2 potions of resistance {unknown}
 j - 7 potions of curing {@q1}
 m - 4 potions of heal wounds {@q2}
 o - 4 potions of mutation {!q}
 r - a potion of haste {@q3}
 s - a potion of might
 w - a potion of invisibility {unknown}
 x - 2 potions of berserk rage
 z - a potion of flight
 A - 2 potions of lignification {!q}
 C - 2 potions of cancellation {unknown}
 H - a potion of attraction {unknown}


   Skills:
 + Level 7.0 Fighting
 + Level 0.9 Staves
 - Level 6.0 Dodging
 - Level 5.0 Stealth
 - Level 5.0 Spellcasting
 * Level 10.0 Conjurations
 - Level 4.0 Summonings
 * Level 10.4 Air Magic
 + Level 0.8 Evocations


You had 5 spell levels left.
You knew the following spells:

 Your Spells              Type           Power        Failure   Level
a - Shock                 Conj/Air       100%         1%          1
b - Swiftness             Air            63%          1%          2
c - Static Discharge      Conj/Air       62%          1%          3
d - Airstrike             Air            31%          1%          4
e - Summon Lightning Spi  Summ/Air       50%          6%          4

Your spell library contained the following spells:

 Spells                   Type           Power        Failure   Level
 Ignite Poison            Fire/Tmut/Pois 5%           34%         3
 Magic Dart               Conj           100%         1%          1
 Searing Ray              Conj           90%          1%          2
 Summon Small Mammal      Summ           84%          2%          1
 Mephitic Cloud           Conj/Pois/Air  48%          2%          3
 Call Imp                 Summ           21%          3%          2
 Conjure Flame            Conj/Fire      25%          4%          3
 Dazzling Flash           Conj/Hex       50%          4%          3
 Lightning Bolt           Conj/Air       31%          4%          5
 Call Canine Familiar     Summ           21%          7%          3
 Fulminant Prism          Conj/Hex       12%          14%         4
 Iskenderun's Mystic Bla  Conj/Tloc      25%          14%         4
 Summon Guardian Golem    Hex/Summ       13%          16%         3
 Blink                    Tloc           N/A          17%         2
 Slow                     Hex            5%           17%         2
 Summon Ice Beast         Ice/Summ       13%          45%         4


Dungeon Overview and Level Annotations

Branches:
Dungeon (9/15)             Temple (1/1) D:5
   Lair: D:8-11         Orc: D:9-12

Altars:
Ashenzari
Cheibriados
Dithmenos
Fedhas
Hepliaklqana
Kikubaaqudgha
Makhleb
Okawaru
Qazlal
Ru
Sif Muna
Vehumet
Xom
Zin

Shops:
D:5 (   D:7 *

Annotations:
D:8 Joseph
D:9 exclusion: 2 oklob saplings


Innate Abilities, Weirdness & Mutations

You have a beak for a mouth.
You have claws for feet.
You can fly continuously.


Message History

Aim: a howler monkey (29% to evade)
You feel a surge of power!
The zap misses the howler monkey.
The howler monkey hoots and howls with incredible vigour!
The water moccasin closely misses you.
Aim: a water moccasin (severely wounded, 43% to evade)
You feel a surge of power!
The zap hits the water moccasin!
You kill the water moccasin!
Vehumet accepts your kill.
You start resting.
You start resting.
The worker ant is caught in a web!
The worker ant struggles to get unstuck from the web.
You feel a surge of power!
The worker ant is struck by an arc of lightning.
You resist.
You are struck by an arc of lightning.
The worker ant is struck by an arc of lightning.
You resist.
You are struck by an arc of lightning.
The worker ant misses you.
The worker ant pulls away from the web.
Unknown command.
You feel a surge of power!
The worker ant is struck by an arc of lightning!
You kill the worker ant!
Vehumet accepts your kill.
You feel your power returning. You resist.
You are struck by an arc of lightning.
Unknown command.
The worker ant misses you.
You feel a surge of power!
The worker ant is struck by an arc of lightning!
The lightning grounds out.
The worker ant misses you.
Unknown command.
You feel a surge of power!
The worker ant is struck by an arc of lightning.
You kill the worker ant!
Vehumet accepts your kill. You resist.
You are struck by an arc of lightning.
Unknown command.
You see here a worker ant corpse.
g - 9 curare-tipped darts (gained 5)
You see here a worker ant corpse.
Things that are here:
an adder corpse; a ball python corpse The howler monkey howls!
Aim: a howler monkey (29% to evade)
You feel a surge of power!
The zap hits the howler monkey.
The howler monkey howls!
Aim: a howler monkey (lightly wounded, 29% to evade)
You feel a surge of power!
The zap hits the howler monkey.
The howler monkey hoots and howls with incredible vigour!
You feel a surge of power!
The howler monkey is struck by an arc of lightning!
The howler monkey is struck by an arc of lightning. x3
The lightning grounds out.
You feel a surge of power!
The howler monkey is struck by an arc of lightning!
You kill the howler monkey!
Vehumet accepts your kill.
You feel your power returning.
The howler monkey is struck by an arc of lightning.
The lightning grounds out.
The howler monkey is struck by an arc of lightning!
You kill the howler monkey!
Vehumet accepts your kill. You resist.
You are struck by an arc of lightning.
Your Conjurations skill increases to level 10!
Things that are here:
an adder skeleton; a ball python skeleton A leopard gecko skeleton comes into view.
Aim: a leopard gecko skeleton (wandering, hasn't noticed you, 16% to evade)
You feel a surge of power!
The zap hits the leopard gecko skeleton!
You destroy the leopard gecko skeleton!
Vehumet accepts your kill.
You feel your power returning.
Found 26 arrows.
You see here 26 arrows.
There is a stone staircase leading down here.
A hound comes into view.
Aim: a hound (asleep, 0% to evade)
You feel a surge of power!
The zap hits the hound.
The hound barks!
You hear a shout! x3
Aim: a hound (lightly wounded, 36% to evade)
You feel a surge of power!
The zap misses the hound.
The hound pauses to sniff the ground.
Aim: a hound (lightly wounded, 36% to evade)
You feel a surge of power!
The zap misses the hound.
The zap hits the hound.
The zap misses you.
You feel a surge of power!
The hound is struck by an arc of lightning.
The lightning grounds out.
The hound barely misses you. The hound completely misses you.
You feel a surge of power!
The hound is struck by an arc of lightning!
You kill the hound!
Vehumet accepts your kill.
You feel your power returning. You resist.
You are struck by an arc of lightning.
An orc comes into view. It is wielding a +0 club.
Aim: an orc, wielding a +0 club and wearing a +0 chain mail (19% to evade)
You feel a surge of power!
The zap hits the orc.
Aim: an orc, wielding a +0 club and wearing a +0 chain mail (moderately wounded, 19% to evade)
You feel a surge of power!
The zap hits the orc.
An orc warrior comes into view. It is wielding a +0 mace.
Aim: an orc, wielding a +0 club and wearing a +0 chain mail (heavily wounded, 19% to evade)
You feel a surge of power!
The zap hits the orc!
You kill the orc!
Vehumet accepts your kill.
The orc warrior shouts!
Aim: an orc warrior, wielding a +0 mace and wearing a cursed +0 plate armour (26% to evade)
You feel a surge of power!
The zap hits the orc warrior.
Aim: an orc warrior, wielding a +0 mace and wearing a cursed +0 plate armour (lightly wounded, 26% to evade)
You feel a surge of power!
The zap hits the orc warrior.
Aim: an orc warrior, wielding a +0 mace and wearing a cursed +0 plate armour (moderately wounded, 26% to evade)
You feel a surge of power!
The zap hits the orc warrior.
An orc comes into view. It is wielding a +0 flail.
Aim: an orc warrior, wielding a +0 mace and wearing a cursed +0 plate armour (moderately wounded, 26% to evade)
You feel a surge of power!
The zap hits the orc warrior.
An iguana comes into view.
An orc comes into view. It is wielding a +0 club.
Aim: an orc warrior, wielding a +0 mace and wearing a cursed +0 plate armour (heavily wounded, 26% to evade)
You feel a surge of power!
The zap hits the orc warrior.
The zap misses the orc warrior.
The zap hits you. You resist.
The orc shouts!
The iguana hisses angrily.
You feel a surge of power!
The orc warrior is struck by an arc of lightning.
You resist.
You are struck by an arc of lightning.
The orc warrior is struck by an arc of lightning.
The lightning grounds out.
The orc warrior misses you.
You don't have enough magic to cast that spell.
You hit the iguana but do no damage. Your kick misses the iguana.
The iguana bites you!
The orc warrior hits you with a +0 mace!
Aim: an orc warrior, wielding a +0 mace and wearing a cursed +0 plate armour (almost dead, 26% to evade)
Okay, then.
You hit the iguana.
The iguana is electrocuted!
The iguana closely misses you.
The orc warrior hits you with a +0 mace.
You barely miss the iguana. The iguana completely misses you.
The orc warrior barely misses you. The iguana completely misses you.
You completely miss the iguana. You claw the iguana, but do no damage.
The orc warrior barely misses you. The iguana bites you!
* * * LOW HITPOINT WARNING * * *
You hit the iguana but do no damage. You peck the iguana, but do no damage.
The orc warrior hits you with a +0 mace.
* * * LOW HITPOINT WARNING * * *
The iguana misses you.
You barely miss the iguana. You claw the iguana, but do no damage.
Your peck misses the iguana. The iguana bites you!
* * * LOW HITPOINT WARNING * * *
The orc warrior hits you with a +0 mace!
You die...

♣#.....###..<.###...#
###≈#####....>.....#
#.†..>##...##..##.##
#..†..#...####...##
#^^...#...#####..#
#≈..^≈#....##....#
#########.....#####
##....###.## ..
#.....l@oo.# ...
....#######o## ....
..... .## #.... ##..#
o ..... #.. )# # ...
o # .#


You could see an orc warrior, an iguana and 2 orcs.

Vanquished Creatures
  A centaur warrior (D:9)
  A two-headed ogre (D:9)
  A hornet (D:9)
  Sigmund (D:4)
  A wyvern (D:9)
  A shadow (D:9)
  A water moccasin (D:9)
  2 ice beasts
  2 sky beasts
  2 phantoms
  A necrophage (D:6)
  An orc warrior (D:6)
  2 ogres
  2 centaurs (D:7)
  3 bullfrogs
  A gnoll sergeant (D:5)
  4 scorpions
  A wyvern skeleton (D:8)
  5 killer bees
  7 wights
  8 howler monkeys
  A bullfrog zombie (D:8)
  A quasit (D:6)
  7 orc priests
  A gnoll shaman (D:7)
  4 hounds
  A jelly (D:6)
  4 orc wizards
  2 iguanas (D:9)
  4 worker ants
  A hound zombie (D:7)
  Robin (D:2)
  14 gnolls
  15 adders
  A howler monkey skeleton (D:6)
  3 white imps
  3 ufetubi
  3 oozes
  An adder zombie (D:5)
  2 adder skeletons (D:8)
  4 worms
  6 leopard geckos
  23 orcs
  4 giant cockroaches
  14 goblins
  5 hobgoblins
  24 jackals
  5 kobolds
  4 quokkas
  7 ball pythons
  7 bats
  5 frilled lizards
  2 leopard gecko skeletons
  A quokka skeleton (D:7)
  6 rats
234 creatures vanquished.

Vanquished Creatures (collateral kills)
  An orc warrior (D:9)
  An orc wizard (D:9)
  An orc (D:9)
3 creatures vanquished.

Vanquished Creatures (others)
  2 fungi (D:2)
  8 plants (D:9)
10 creatures vanquished.

Grand Total: 247 creatures vanquished

Notes
Turn   | Place    | Note
-------+----------+-------------------------------------------
     0 | D:1      | CryoSword the Tengu Air Elementalist began the quest for
                  | the Orb.
     0 | D:1      | Reached XP level 1. HP: 10/10 MP: 4/4
   326 | D:1      | Reached XP level 2. HP: 10/16 MP: 3/6
  1523 | D:2      | Reached skill level 1 in Fighting
  1523 | D:2      | Reached XP level 3. HP: 20/20 MP: 3/7
  1668 | D:2      | Found a shadowy altar of Dithmenos.
  2287 | D:2      | Reached XP level 4. HP: 15/25 MP: 2/8
  2464 | D:2      | Learned a level 2 spell: Swiftness
  2468 | D:2      | Learned a level 3 spell: Static Discharge
  2795 | D:2      | Noticed Robin
  2881 | D:2      | Killed Robin
  3310 | D:2      | Reached skill level 5 in Air Magic
  3535 | D:3      | Gained mutation: You can fly continuously. [Tengu growth]
  3535 | D:3      | Reached XP level 5. HP: 30/30 MP: 4/9
  4438 | D:4      | Noticed Sigmund
  4519 | D:4      | Got a crude bone ring
  5190 | D:4      | Reached skill level 5 in Conjurations
  5208 | D:4      | Reached XP level 6. HP: 37/37 MP: 6/10
  5215 | D:4      | Identified the ring of Qoawaec {rC+ Will+ Int+3 Dex-4} (You
                  | found it on level 4 of the Dungeon)
  5910 | D:4      | Found an ancient bone altar of Kikubaaqudgha.
  6140 | D:5      | Entered Level 5 of the Dungeon
  6422 | D:4      | Killed Sigmund
  6423 | D:4      | Reached XP level 7. HP: 35/42 MP: 3/12
  6597 | D:4      | Learned a level 4 spell: Airstrike
  7006 | D:5      | Found Xavveall's Antique Weapon Shoppe.
  7009 | D:5      | Bought a runed dagger for 115 gold pieces
  7614 | D:5      | Found a staircase to the Ecumenical Temple.
  7626 | Temple   | Entered the Ecumenical Temple
  7698 | Temple   | Became a worshipper of Vehumet
  7916 | D:5      | Reached XP level 8. HP: 48/48 MP: 3/13
  8011 | D:5      | Reached skill level 5 in Fighting
  8891 | D:6      | Found a glowing silver altar of Zin.
  9439 | D:6      | Reached * piety under Vehumet
  9439 | D:6      | Offered knowledge of Foxfire by Vehumet.
 10146 | D:7      | Found Eminepp's Assorted Antiques.
 10386 | D:6      | Reached XP level 9. HP: 40/55 MP: 3/14
 10472 | D:6      | Learned a level 4 spell: Summon Lightning Spire
 10713 | D:7      | Reached skill level 1 in Summonings
 12382 | D:7      | Found a shimmering blue altar of Sif Muna.
 12432 | D:7      | Bought a scroll labelled WIGAOGUKHA for 27 gold pieces
 12432 | D:7      | Bought a scroll labelled XOD SUKALITEV for 27 gold pieces
 12432 | D:7      | Bought a scroll labelled GYZUEJIRAM for 27 gold pieces
 12573 | D:8      | Noticed Joseph
 12968 | D:8      | Offered knowledge of Freeze by Vehumet.
 13232 | D:8      | Reached ** piety under Vehumet
 13373 | D:8      | Reached skill level 5 in Dodging
 14345 | D:9      | Noticed a two-headed ogre
 14349 | D:9      | Killed a two-headed ogre
 14350 | D:9      | Reached skill level 5 in Spellcasting
 14350 | D:9      | Reached XP level 10. HP: 61/61 MP: 4/18
 14443 | D:9      | Found a blossoming altar of Fedhas.
 14648 | D:9      | Found a burning altar of Makhleb.
 14771 | D:9      | Noticed a centaur warrior
 15146 | D:9      | Killed a centaur warrior
 15147 | D:9      | Reached skill level 5 in Stealth
 15259 | D:9      | Reached skill level 10 in Air Magic
 15751 | D:9      | Offered knowledge of Ignite Poison by Vehumet.
 15963 | D:9      | Reached skill level 10 in Conjurations
 16257 | D:9      | Slain by an orc warrior

Illustrated notes

Levels and vault maps discovered:
D:1:      dpeg_arrival_yet_another_circle, layout_loops_ring,
          minmay_door_square, st_stairs_13
D:2:      minmay_wonky_spiral, layout_basic, grunt_dithmenos_smoke,
          minmay_misc_feat_room, kennysheep_generic_room_3, uniq_robin,
          uniq_crazy_yiuf_cottage
D:3:      layout_basic
D:4:      layout_gridville, kennysheep_mini, uniq_sigmund
D:5:      layout_loops_ring, minmay_temple_entry_poolview, serial_shops,
          kennysheep_mini_moat, kennysheep_crisscross, minivault_5,
          lightli_minifort
D:6:      layout_loops_corners, zin_scriptorium
D:7:      layout_cave_pools, led_sif_pool, serial_shops, shop,
          minmay_alternating_orb
D:8:      layout_basic, uniq_joseph
D:9:      minmay_bloctagon_deflated, layout_layer_cave,
          grunt_temple_overflow_holy_war, basic_altar, introduction_to_nature_2
Temple:   eino_temple_scatter_basement

Skill      XL: |  1  2  3  4  5  6  7  8  9 10 |
---------------+-------------------------------+-----
Conjurations   | 2 3 4 5 6 8 10 | 10.0
Fighting       | 1 2 3 4 6 7 |  7.0
Air Magic      | 5 7 8 10 | 10.4
Spellcasting   | 3 5 |  5.0
Dodging        | 3 5 6 |  6.0
Summonings     | 4 |  4.0
Stealth        | 4 5 |  5.0
Staves         | |  0.9
Evocations     | |  0.8

Action                   |  1- 3 |  4- 6 |  7- 9 | 10-12 || total
-------------------------+-------+-------+-------+-------++-------
Melee: Unarmed           |     1 |       |       |       ||     1
       Mace              |     8 |       |    28 |       ||    36
       Kick              |     2 |     1 |     8 |     7 ||    18
       Peck              |     2 |       |     3 |     2 ||     7
       Dagger            |       |    11 |       |       ||    11
       Staff             |       |       |     1 |    25 ||    26
Throw: Stone             |     9 |       |       |       ||     9
       Dart              |       |     2 |     6 |       ||     8
 Cast: Shock             |    79 |   150 |   261 |    53 ||   543
       Swiftness         |       |     2 |     5 |       ||     7
       Static Discharge  |       |     1 |    56 |    23 ||    80
       Airstrike         |       |       |    11 |    13 ||    24
       Summon Lightning  |       |       |       |     2 ||     2
 Abil: Fly               |       |     1 |       |       ||     1
  Use: Scroll            |     5 |     3 |     9 |       ||    17
 Stab: Distracted        |       |       |     1 |       ||     1
       Sleeping          |       |       |     1 |       ||     1
Armor: Robe              |     8 |     7 |    23 |     4 ||    42
Dodge: Dodged            |    22 |    26 |   111 |    41 ||   200
